 Dungeon Crawl Stone Soup version 0.29.1-1-gd02db69 (webtiles) character file.

Game seed: 8703503343380914276

406 Jonnyslop the Chopper (level 6, -1/57 HPs)
             Began as a Hill Orc Fighter on Mar 5, 2023.
             Slain by an ogre
             ... wielding a +0 giant club
              (14 damage)
             ... on level 4 of the Dungeon.
             The game lasted 00:05:38 (4626 turns).

Jonnyslop the Chopper (Hill Orc Fighter)            Turns: 4626, Time: 00:05:38

Health: -1/57      AC: 12    Str: 21    XL:     6   Next: 87%
Magic:  6/6        EV:  9    Int:  8    God:
Gold:   202        SH:  4    Dex: 10    Spells: 5/5 levels left

rFire   . . .      SeeInvis .   a - +0 war axe
rCold   . . .      Faith    .   c - +0 buckler
rNeg    + . .      Spirit   .   b - +0 scale mail
rPois   .          Reflect  .   (no helmet)
rElec   .          Harm     .   l - scarf {repulsion}
rCorr   .          Rampage  .   i - +0 pair of gloves
Will    .....                   (no boots)
Stlth   ..........              (no amulet)
HPRegen 0.19/turn               p - +4 ring of protection
MPRegen 0.10/turn               j - ring of positive energy

@: repel missiles
A: no striking features
a: no special abilities


You were on level 4 of the Dungeon.
You visited 1 branch of the dungeon, and saw 4 of its levels.

You collected 202 gold pieces.

Inventory:

Hand Weapons
 a - a +0 war axe (weapon)
Missiles
 f - 5 atropa-tipped darts (quivered)
Armour
 b - a +0 scale mail (worn)
 c - a +0 buckler (worn)
 i - a +0 pair of gloves (worn)
 l - a scarf of repulsion (worn)
Jewellery
 j - a ring of positive energy (right hand)
 p - a +4 ring of protection (left hand)
Wands
 d - a wand of charming (6)
Scrolls
 e - 4 scrolls of identify
 m - a scroll of blinking {unknown}
Potions
 g - a potion of haste {unknown}
 h - a potion of brilliance
 k - 2 potions of resistance
 n - a potion of curing {unknown}
 o - a potion of ambrosia {unknown}


   Skills:
 + Level 5.9 Fighting
 * Level 7.8 Axes
 - Level 3.2 Armour
 - Level 3.2 Shields


You had 5 spell levels left.
You didn't know any spells.
Your spell library contained the following spells:

 Spells                   Type           Power      Damage    Failure   Level
 Necrotise                Necr           0%         1d4       83%         1
 Shock                    Conj/Air       0%         1d3       83%         1
 Frozen Ramparts          Ice            0%         1d1       99%         3
 Swiftness                Air            0%         N/A       99%         3
 Vampiric Draining        Necr           0%         2d6       99%         3
 Airstrike                Air            0%         2d(0-16)  100%        4
 Ice Form                 Ice/Tmut       0%         N/A       100%        4
 Summon Ice Beast         Ice/Summ       0%         N/A       100%        4
 Agony                    Necr           0%         N/A       100%        5


Dungeon Overview and Level Annotations

Branches:
Dungeon (4/15)
 Temple: D:4-7

Altars:
Cheibriados
Fedhas
Kikubaaqudgha
Yredelemnul

Annotations:
D:4 2 transporters, Menkaure


Message History

No target in view!
No target in view!
No target in view!
No target in view!
No target in view!
q - a scroll labelled ARULAN JANLINU You see here a quokka corpse.
A goblin comes into view. It is wielding a +0 club.
The goblin unwields a +0 club.
The goblin wields a +0 sling.
The goblin shoots a sling bullet.
The sling bullet barely misses you.
As you read the scroll labelled ARULAN JANLINU, it crumbles to dust.
You feel strangely unstable.
It was a scroll of teleportation.
The goblin shoots a sling bullet.
The sling bullet barely misses you.
The goblin shoots a sling bullet.
You block the sling bullet.
Your surroundings suddenly seem different.
The ogre shouts!
You hit the ogre.
The ogre is moderately wounded.
The ogre hits you with a +0 giant club!!
You closely miss the ogre.
The ogre is moderately wounded.
You slash the ogre!
The ogre is heavily wounded.
The ogre barely misses you.
You hit the ogre but do no damage.
The ogre is heavily wounded.
The ogre closely misses you.
You barely miss the ogre.
The ogre is heavily wounded.
The ogre hits you with a +0 giant club!!
* * * LOW HITPOINT WARNING * * *
You are too injured to fight recklessly!
You are too injured to fight recklessly!
You are too injured to fight recklessly!
You are too injured to fight recklessly!
You are too injured to fight recklessly!
You are too injured to fight recklessly!
You are too injured to fight recklessly!
The ogre attacks as you move away! The ogre hits you with a +0 giant club!
You die...

#### #..## ##...#
#....# ##### ##
##....## #...#
.####......# ##...#
..##...##..## #....#
#....#####..###.O..#
##..## ##.....@..#
....## ##.......##
#....## ######...###
.)##..## ##....#####
.#####.## ##.......#
.# ##.## #.....#.#
## #..## #.....###
.## ##..## #.....#
..## ##..## #....##


You could see an ogre.

Vanquished Creatures
  An ogre (D:4)
  A scorpion (D:4)
  An orc priest (D:3)
  Jessica (D:3)
  An orc wizard (D:3)
  4 gnolls (D:4)
  6 adders
  An ufetubus (D:4)
  A worm (D:2)
  3 dart slugs
  2 orcs (D:3)
  4 bats
  8 endoplasms
  2 giant cockroaches
  5 goblins
  4 hobgoblins
  3 jackals
  5 quokkas
  11 ball pythons
  5 frilled lizards
  7 kobolds
  2 rats
78 creatures vanquished.

Vanquished Creatures (others)
  A fungus (D:2)
  10 plants
11 creatures vanquished.

Grand Total: 89 creatures vanquished

Notes
Turn   | Place    | Note
-------+----------+-------------------------------------------
     0 | D:1      | Jonnyslop the Hill Orc Fighter began the quest for the Orb.
     0 | D:1      | Reached XP level 1. HP: 19/19 MP: 1/1
    72 | D:1      | Reached skill level 3 in Axes
   164 | D:1      | Reached XP level 2. HP: 15/27 MP: 2/2
   969 | D:1      | Reached skill level 4 in Axes
  1147 | D:1      | Reached XP level 3. HP: 33/33 MP: 3/3
  1506 | D:2      | Found a faded altar of an unknown god.
  1724 | D:2      | Reached XP level 4. HP: 41/41 MP: 4/4
  1763 | D:2      | Reached skill level 5 in Axes
  2374 | D:3      | Reached XP level 5. HP: 47/47 MP: 5/5
  2408 | D:3      | Reached skill level 6 in Axes
  2627 | D:3      | Noticed Jessica
  2629 | D:3      | Killed Jessica
  2630 | D:3      | Reached skill level 5 in Fighting
  2976 | D:4      | Noticed an ogre
  2986 | D:4      | Killed an ogre
  2987 | D:4      | Reached skill level 7 in Axes
  2987 | D:4      | Reached XP level 6. HP: 41/56 MP: 6/6
  3120 | D:4      | Found a basalt altar of Yredelemnul.
  3121 | D:4      | Noticed Menkaure
  3126 | D:4      | Found an ancient bone altar of Kikubaaqudgha.
  3639 | D:4      | Found a transporter.
  3644 | D:4      | Found a transporter.
  3703 | D:4      | Found Buazulai's Assorted Antiques.
  4239 | D:4      | Found a snail-covered altar of Cheibriados.
  4560 | D:4      | Found a blossoming altar of Fedhas.
  4626 | D:4      | Slain by an ogre

Illustrated notes

Levels and vault maps discovered:
D:1:      minmay_arrival_doors, layout_loops_corners, fountainhead,
          kennysheep_crisscross
D:2:      layout_rooms, dreamdust_ecumenical_altar_grove, st_stairs_3
D:3:      layout_rooms, uniq_jessica
D:4:      layout_layer_cave, gammafunk_temple_of_torment, kennysheep_little_box,
          lemuel_coloured_pillars_altar, serial_shops, shop, roderic_lattice_a,
          serial_bayou_crossing

Skill      XL: |  1  2  3  4  5 |
---------------+----------------+-----
Axes           | 3 4 5 7 |  7.8
Fighting       | 4 5 |  5.9
Armour         | |  3.2
Shields        | |  3.2

Action                   |  1- 3 |  4- 6 || total
-------------------------+-------+-------++-------
Melee: War axe           |    98 |   129 ||   227
  Use: Scroll            |     2 |     5 ||     7
       Potion            |       |     1 ||     1
Armor: Scale mail        |    57 |    59 ||   116
Dodge: Dodged            |    57 |    53 ||   110
       Repelled          |       |     1 ||     1
Block: Buckler           |    26 |    40 ||    66
